ITL
UTICA UNICORNS @ ALLENTOWN HILLBILLIES
04/17/2028
 
TOP OF THE 1ST
Utica Unicorns batting - Pitching for Allentown Hillbillies : RHP Pepe Fernández
Pitching: RHP Pepe Fernández
Batting: LHB Raúl Morales 0-0: Called Strike
0-1: Foul Ball, location: 2F
0-2: Ball
1-2: Fly out, F8 (Flyball, 78D)
Batting: RHB Gerald Burnett 0-0: Called Strike
0-1: Swinging Strike
0-2: Ball
1-2: Ball
2-2: Foul Ball, location: 2F
2-2: Foul Ball, location: 2F
2-2: Foul Ball, location: 2F
2-2: SOLO HOME RUN (Flyball, 8LXD), Distance : 439 ft
Batting: RHB Fernando Gálvez 0-0: Ball
1-0: Ball
2-0: Swinging Strike
2-1: Foul Ball, location: 2F
2-2: Foul Ball, location: 2F
2-2: Ball
3-2: SINGLE (Flyball, 89S)
Batting: RHB Marcos Castillo 0-0: Called Strike
0-1: Ball
1-1: Fly out, F3 (Popup, 3S)
Batting: RHB Carlos García 0-0: Swinging Strike
0-1: Ball
1-1: Called Strike
Fernando Gálvez steals 2nd base
1-2: Ball
2-2: Foul Ball, location: 2F
2-2: Ball
3-2: Fly out, F8 (Flyball, 8LS)
Top of the 1st over - 1 run(s), 2 hit(s), 0 error(s), 1 left on base; Utica 1 - Allentown 0
BOTTOM OF THE 1ST
Allentown Hillbillies batting - Pitching for Utica Unicorns : RHP Robert Martin
Pitching: RHP Robert Martin
Batting: RHB Dan Banks 0-0: Ball
1-0: Ground out 4-3 (Groundball, 4)
Batting: LHB George Knight 0-0: Ball
1-0: SINGLE (Groundball, 6MD)
Batting: RHB Donald Sanford 0-0: Ball
1-0: Ball
2-0: Ball
3-0: Base on Balls
George Knight to second
Batting: RHB António Yánez 0-0: Called Strike
0-1: Hit by Pitch
George Knight to third
Donald Sanford to second
Pinch Runner at 1st Alfonso Ruíz:
Batting: RHB Millard Stark 0-0: Called Strike
0-1: Swinging Strike
0-2: Ball
1-2: Ball
2-2: DOUBLE (Flyball, 9D)
George Knight scores
Donald Sanford scores
Alfonso Ruíz to third
Runner from 3rd tries for Home, SAFE, no throw
Batting: LHB Marcos Vargas 0-0: Ball
1-0: Ball
2-0: Ball
3-0: Called Strike
3-1: Base on Balls
Batting: RHB Germano Labrego 0-0: Called Strike
0-1: Swinging Strike
0-2: Strikes out swinging
Batting: LHB Eduardo Rodríguez 0-0: Swinging Strike
0-1: Ball
1-1: Swinging Strike
1-2: SINGLE (Groundball, 34D)
Millard Stark to third
Marcos Vargas to second
Runner from 3rd tries for Home, SAFE, throw made home
Batting: RHB Joel Jackson 0-0: Called Strike
0-1: Fielders Choice at 2nd, 6-4 (Groundball, 6)
Bottom of the 1st over - 4 run(s), 3 hit(s), 0 error(s), 1 left on base; Utica 1 - Allentown 4
TOP OF THE 2ND
Utica Unicorns batting - Pitching for Allentown Hillbillies : RHP Juan Martínez
Pitching: RHP Juan Martínez
Now at 3B: Alfonso Ruíz
Batting: LHB Tony O'Bryan 0-0: Called Strike
0-1: Foul Ball, location: 2F
0-2: Ground out 3-1 (Groundball, 34)
Batting: RHB Héctor Jiménez 0-0: Ball
1-0: Ball
2-0: Ball
3-0: Base on Balls
Batting: RHB Jack Bailey 0-0: Ball
1-0: DOUBLE (Line Drive, 7LM)
Héctor Jiménez to third
Batting: RHB Franklin Shaw 0-0: Ball
1-0: Called Strike
1-1: Ball
2-1: SINGLE (Flyball, 89S)
Héctor Jiménez scores
Jack Bailey to third
Runner from 3rd tries for Home, SAFE, throw made home
Batting: LHB Raúl Morales 0-0: Ball
1-0: Ball
2-0: SINGLE (Groundball, 34D)
Franklin Shaw to second
Runner from 2nd tries for 3rd, SAFE, no throw
Batting: RHB Gerald Burnett 0-0: SINGLE (Line Drive, 6M)
Franklin Shaw scores
Raúl Morales to second
Pitching: RHP Okura Oike
Batting: RHB Fernando Gálvez 0-0: Ball
1-0: Ball
Raúl Morales steals 3rd base
Gerald Burnett to second
2-0: Ball
3-0: Foul Ball, location: 2F
3-1: Swinging Strike
3-2: Ground out 4-3 (Groundball, 4)
Raúl Morales scores
Gerald Burnett to third
Batting: RHB Marcos Castillo 0-0: Ground out 1-3 (Groundball, P)
Top of the 2nd over - 4 run(s), 4 hit(s), 0 error(s), 1 left on base; Utica 5 - Allentown 4
BOTTOM OF THE 2ND
Allentown Hillbillies batting - Pitching for Utica Unicorns : RHP Robert Martin
Batting: RHB Dan Banks 0-0: Ground out 4-3 (Groundball, 4)
Batting: LHB George Knight 0-0: Foul Ball, location: 2F
0-1: Foul Ball, location: 2F
0-2: Ball
1-2: Strikes out swinging
Batting: RHB Donald Sanford 0-0: Ball
1-0: Ball
2-0: Ball
3-0: Base on Balls
Batting: LHB Alfonso Ruíz 0-0: Fielders Choice at 2nd, 6-4 (Groundball, 6)
Bottom of the 2nd over - 0 run(s), 0 hit(s), 0 error(s), 0 left on base; Utica 5 - Allentown 4
TOP OF THE 3RD
Utica Unicorns batting - Pitching for Allentown Hillbillies : RHP Okura Oike
Batting: RHB Carlos García 0-0: Ball
1-0: Called Strike
1-1: Foul Ball, location: 2F
1-2: Ball
2-2: Fly out, F9 (Flyball, 9S)
Batting: LHB Tony O'Bryan 0-0: Swinging Strike
0-1: Ball
1-1: Ball
2-1: SINGLE (Flyball, 9LM)
Batting: RHB Héctor Jiménez 0-0: Fly out, F7 (Flyball, 78M)
Batting: RHB Jack Bailey 0-0: Called Strike
Tony O'Bryan steals 2nd base
0-1: Ball
1-1: Called Strike
1-2: Ground out U3 (Groundball, 34)
Top of the 3rd over - 0 run(s), 1 hit(s), 0 error(s), 1 left on base; Utica 5 - Allentown 4
BOTTOM OF THE 3RD
Allentown Hillbillies batting - Pitching for Utica Unicorns : RHP Robert Martin
Batting: RHB Millard Stark 0-0: Ball
1-0: Foul Ball, location: 2F
1-1: Foul Ball, location: 2F
1-2: Fly out, F8 (Flyball, 8RXD)
Batting: LHB Marcos Vargas 0-0: Swinging Strike
0-1: Ball
1-1: Foul Ball, location: 2F
1-2: Ball
2-2: Ball
3-2: Ground out 4-3 (Groundball, 34)
Batting: RHB Germano Labrego 0-0: Called Strike
0-1: Foul Ball, location: 2F
0-2: Strikes out looking
Bottom of the 3rd over - 0 run(s), 0 hit(s), 0 error(s), 0 left on base; Utica 5 - Allentown 4
TOP OF THE 4TH
Utica Unicorns batting - Pitching for Allentown Hillbillies : RHP Okura Oike
Batting: RHB Franklin Shaw 0-0: Called Strike
0-1: Foul Ball, location: 2F
0-2: SINGLE (Line Drive, 89S)
Batting: LHB Raúl Morales 0-0: Ball
Wild Pitch!
Franklin Shaw to second
1-0: Swinging Strike
1-1: Ground out U3 (Groundball, 34)
Franklin Shaw to third
Batting: RHB Gerald Burnett 0-0: Swinging Strike
0-1: Called Strike
0-2: Strikes out swinging
Batting: RHB Fernando Gálvez 0-0: Ball
1-0: Ball
2-0: Swinging Strike
2-1: SINGLE (Flyball, 9S)
Franklin Shaw scores
Batting: RHB Marcos Castillo 0-0: Called Strike
0-1: Ball
1-1: Fielders Choice at 2nd, 6-4 (Groundball, 6)
Top of the 4th over - 1 run(s), 2 hit(s), 0 error(s), 0 left on base; Utica 6 - Allentown 4
BOTTOM OF THE 4TH
Allentown Hillbillies batting - Pitching for Utica Unicorns : RHP Robert Martin
Batting: LHB Eduardo Rodríguez 0-0: Hit by Pitch
Batting: RHB Joel Jackson 0-0: Ball
1-0: Called Strike
1-1: Foul Ball, location: 2F
1-2: Ball
2-2: Foul Ball, location: 2F
2-2: Foul Ball, location: 2F
2-2: Ball
Eduardo Rodríguez steals 2nd base
3-2: Ground out 5-3 (Groundball, 56)
Batting: RHB Dan Banks 0-0: Ball
1-0: Called Strike
1-1: Foul Ball, location: 2F
1-2: Ball
2-2: Ball
3-2: SINGLE (Groundball, 34D)
Eduardo Rodríguez to third
Runner from 3rd tries for Home, SAFE, throw made home
Dan Banks to second
Batting: LHB George Knight 0-0: Called Strike
0-1: Called Strike
0-2: Foul Ball, location: 2F
0-2: Ball
1-2: Foul Ball, location: 2F
1-2: Strikes out swinging
Batting: RHB Donald Sanford 0-0: Called Strike
0-1: Ball
1-1: Called Strike
1-2: Strikes out swinging
Bottom of the 4th over - 1 run(s), 1 hit(s), 0 error(s), 1 left on base; Utica 6 - Allentown 5
TOP OF THE 5TH
Utica Unicorns batting - Pitching for Allentown Hillbillies : RHP Okura Oike
Batting: RHB Carlos García 0-0: Called Strike
0-1: Called Strike
0-2: Fly out, F4 (Popup, 3D)
Batting: LHB Tony O'Bryan 0-0: Fly out, F9 (Flyball, 9)
Batting: RHB Héctor Jiménez 0-0: Ball
1-0: Ball
2-0: Ball
3-0: Base on Balls
Batting: RHB Jack Bailey 0-0: Ball
1-0: Called Strike
1-1: Ball
2-1: Ball
3-1: Called Strike
3-2: Strikes out swinging
Top of the 5th over - 0 run(s), 0 hit(s), 0 error(s), 1 left on base; Utica 6 - Allentown 5
BOTTOM OF THE 5TH
Allentown Hillbillies batting - Pitching for Utica Unicorns : RHP Robert Martin
Batting: LHB Alfonso Ruíz 0-0: Ball
1-0: Ball
2-0: Called Strike
2-1: Ball
3-1: Ground out 4-3 (Groundball, 4M)
Batting: RHB Millard Stark 0-0: Called Strike
0-1: Ball
1-1: SINGLE (Line Drive, 56)
Pitching: LHP José Mercado
Batting: LHB Marcos Vargas 0-0: Ball
1-0: Called Strike
1-1: Foul Ball, location: 2F
1-2: Strikes out swinging
Batting: RHB Germano Labrego 0-0: DOUBLE (Line Drive, 8LXD)
Millard Stark to third
Batting: LHB Eduardo Rodríguez 0-0: Fly out, F8 (Flyball, 8LM)
Bottom of the 5th over - 0 run(s), 2 hit(s), 0 error(s), 2 left on base; Utica 6 - Allentown 5
TOP OF THE 6TH
Utica Unicorns batting - Pitching for Allentown Hillbillies : RHP Okura Oike
Batting: RHB Franklin Shaw 0-0: Ball
1-0: Called Strike
1-1: SINGLE (Line Drive, 4MD)
Batting: LHB Raúl Morales 0-0: SINGLE (Line Drive, 7S)
Franklin Shaw to second
Batting: RHB Gerald Burnett 0-0: Ground out 6-3 (Groundball, 6S)
Franklin Shaw to third
Raúl Morales to second
Batting: RHB Fernando Gálvez 0-0: Intentional Walk
Pitching: LHP Emílio Trevino
Batting: RHB Marcos Castillo 0-0: Foul Ball, location: 2F
0-1: Foul Ball, location: 2F
0-2: Foul Ball, location: 2F
0-2: Ball
1-2: Ball
2-2: Strikes out swinging
Batting: RHB Carlos García 0-0: Called Strike
0-1: Called Strike
0-2: Ball
1-2: Strikes out swinging
Top of the 6th over - 0 run(s), 2 hit(s), 0 error(s), 3 left on base; Utica 6 - Allentown 5
BOTTOM OF THE 6TH
Allentown Hillbillies batting - Pitching for Utica Unicorns : LHP José Mercado
Batting: RHB Joel Jackson 0-0: Swinging Strike
0-1: Ball
1-1: Ball
2-1: Foul Ball, location: 2F
2-2: SOLO HOME RUN (Flyball, 7D), Distance : 369 ft
Batting: RHB Dan Banks 0-0: Ball
1-0: Fly out, F9 (Flyball, 9S)
Batting: LHB George Knight 0-0: Swinging Strike
0-1: Ball
1-1: Swinging Strike
1-2: Ground out U3 (Groundball, 34)
Batting: RHB Donald Sanford 0-0: Called Strike
0-1: Foul Ball, location: 2F
0-2: Ball
1-2: Ball
2-2: SINGLE (Groundball, 6D)
Batting: LHB Alfonso Ruíz 0-0: Swinging Strike
0-1: Swinging Strike
0-2: Ball
1-2: Strikes out swinging, 2-3 out at first.
Bottom of the 6th over - 1 run(s), 2 hit(s), 0 error(s), 1 left on base; Utica 6 - Allentown 6
TOP OF THE 7TH
Utica Unicorns batting - Pitching for Allentown Hillbillies : LHP Emílio Trevino
Pinch Hitting: RHB Mitsuoki Taguchi 0-0: Ground out 6-3 (Groundball, 6)
Batting: RHB Héctor Jiménez 0-0: Ball
1-0: Swinging Strike
1-1: Ball
2-1: Ball
3-1: Base on Balls
Batting: RHB Jack Bailey 0-0: Called Strike
Héctor Jiménez is caught stealing 2nd base
0-1: Called Strike
0-2: Ball
1-2: Ball
2-2: Strikes out looking
Top of the 7th over - 0 run(s), 0 hit(s), 0 error(s), 0 left on base; Utica 6 - Allentown 6
BOTTOM OF THE 7TH
Allentown Hillbillies batting - Pitching for Utica Unicorns : LHP José Mercado
Now in LF: Pablo Reyes
Batting: RHB Millard Stark 0-0: Ball
1-0: Foul Ball, location: 2F
1-1: Fly out, F8 (Flyball, 8RD)
Pinch Hitting: RHB Albert Lutz 0-0: Foul Ball, location: 2F
0-1: Ball
1-1: Ball
2-1: Ball
3-1: SINGLE (Flyball, 89S)
Pinch Hitting: RHB Diego Rivera 0-0: Ball
1-0: Foul Ball, location: 2F
1-1: SINGLE (Line Drive, 78S)
Albert Lutz to second
Batting: LHB Eduardo Rodríguez 0-0: Ball
1-0: Ground out U3 (Groundball, 3)
Albert Lutz to third
Diego Rivera to second
Batting: RHB Joel Jackson 0-0: Called Strike
0-1: Ball
1-1: Swinging Strike
1-2: Strikes out looking
Bottom of the 7th over - 0 run(s), 2 hit(s), 0 error(s), 2 left on base; Utica 6 - Allentown 6
TOP OF THE 8TH
Utica Unicorns batting - Pitching for Allentown Hillbillies : LHP Emílio Trevino
Now at SS: Carl Brown
Now in RF: Albert Lutz
Batting: RHB Franklin Shaw 0-0: Called Strike
0-1: Swinging Strike
0-2: Strikes out swinging
Pinch Hitting: RHB Andrew Good 0-0: Called Strike
0-1: Ball
1-1: SOLO HOME RUN (Flyball, 89XD), Distance : 398 ft
Batting: RHB Gerald Burnett 0-0: Ball
1-0: Ball
2-0: Ball
3-0: Called Strike
3-1: Base on Balls
Batting: RHB Fernando Gálvez 0-0: Ball
1-0: SINGLE (Line Drive, 89S)
Gerald Burnett to second
Batting: RHB Marcos Castillo 0-0: SINGLE (Line Drive, 9LM)
Gerald Burnett to third
Fernando Gálvez to second
Batting: RHB Carlos García 0-0: Swinging Strike
0-1: Ball
1-1: Foul Ball, location: 2F
1-2: Ball
2-2: Strikes out swinging
Batting: LHB Pablo Reyes 0-0: Ball
1-0: Foul Ball, location: 2F
1-1: Foul Ball, location: 2F
1-2: Ball
2-2: Ball
3-2: Strikes out swinging
Top of the 8th over - 1 run(s), 3 hit(s), 0 error(s), 3 left on base; Utica 7 - Allentown 6
BOTTOM OF THE 8TH
Allentown Hillbillies batting - Pitching for Utica Unicorns : LHP José Mercado
Pitching: RHP Patrick Doyle
Now at 3B: Gustavo Rodríguez
Batting: RHB Dan Banks 0-0: Called Strike
0-1: Ball
1-1: SINGLE (Line Drive, 9S)
Pitching: LHP Javier Luna
Batting: LHB George Knight 0-0: Bunted foul
0-1: Ball
1-1: Ball
2-1: Sac Bunt - play at first, batter OUT! 5-4
Dan Banks to second
Pitching: RHP Claudio Rivera
Pinch Hitting: LHB John Hudson 0-0: Ball
1-0: Ball
2-0: Ball
3-0: Base on Balls
Pitching: RHP Mario González
Pinch Hitting: RHB José Mora 0-0: Swinging Strike
0-1: Reached via error on a dropped throw, E6
Dan Banks to third
John Hudson to second
Batting: RHB Millard Stark 0-0: Called Strike
0-1: Ball
1-1: Ball
2-1: Foul Ball, location: 2F
2-2: Foul Ball, location: 2F
2-2: Strikes out looking
Pitching: RHP Juan Reyes
Batting: RHB Albert Lutz 0-0: Ball
1-0: Ball
2-0: Ball
3-0: Called Strike
3-1: Fly out, F6 (Popup, 6D)
Bottom of the 8th over - 0 run(s), 1 hit(s), 1 error(s), 3 left on base; Utica 7 - Allentown 6
TOP OF THE 9TH
Utica Unicorns batting - Pitching for Allentown Hillbillies : LHP Emílio Trevino
Pitching: LHP Alejandro Castillo
Now at 2B: José Mora
Now at 3B: Justin Harris
Batting: RHB Héctor Jiménez 0-0: Ball
1-0: Foul Ball, location: 2F
1-1: Ball
2-1: Swinging Strike
2-2: Strikes out looking
Batting: RHB Jack Bailey 0-0: Ball
1-0: Ball
2-0: Called Strike
2-1: Ball
3-1: Foul Ball, location: 2F
3-2: Fly out, F4 (Popup, 4)
Batting: RHB Franklin Shaw 0-0: Ball
1-0: SINGLE (Flyball, 8RS)
Batting: RHB Gustavo Rodríguez 0-0: Ball
1-0: Ball
2-0: Ball
3-0: Called Strike
3-1: Foul Ball, location: 2F
3-2: Strikes out swinging
Top of the 9th over - 0 run(s), 1 hit(s), 0 error(s), 1 left on base; Utica 7 - Allentown 6
BOTTOM OF THE 9TH
Allentown Hillbillies batting - Pitching for Utica Unicorns : RHP Juan Reyes
Pitching: RHP Jorge Pérez
Batting: RHB Carl Brown 0-0: Foul Ball, location: 2F
0-1: Ball
1-1: Ball
2-1: Swinging Strike
2-2: Strikes out swinging
Batting: LHB Eduardo Rodríguez 0-0: Foul Ball, location: 2F
0-1: Called Strike
0-2: Ball
1-2: Fly out, F7 (Line Drive, 7)
Batting: RHB Joel Jackson 0-0: Called Strike
0-1: Ball
1-1: Foul Ball, location: 2F
1-2: Strikes out swinging
Bottom of the 9th over - 0 run(s), 0 hit(s), 0 error(s), 0 left on base; Utica 7 - Allentown 6
Tuesday, August 8th, 2017 - OOTP Baseball 17.12 Build 75